 Dungeon Crawl Stone Soup version 0.23.0-3-gf3c87f2 (webtiles) character file.

Game seed: 16594892694442031454

95 Borgoz the Sneak (level 4, -5/33 HPs)
             Began as a Ghoul Enchanter on Feb 24, 2019.
             Slain by an orc priest
             ... wielding a +0 mace
              (8 damage)
             ... on level 3 of the Dungeon.
             The game lasted 00:06:36 (3015 turns).

Borgoz the Sneak (Ghoul Enchanter)                  Turns: 3015, Time: 00:06:37

Health: -5/33      AC:  3    Str: 11      XL:     4   Next: 66%
Magic:  0/5        EV: 12    Int:  9 (10) God:
Gold:   208        SH:  0    Dex:  9 (10) Spells: 1/6 levels left

rFire    . . .     SeeInvis .   l - -3 dagger (curse)
rCold    + . .     Gourm    .   (no shield)
rNeg     + + +     Faith    .   j - +0 leather armour
rPois    ∞         Spirit   .   (no helmet)
rElec    .         Reflect  .   (no cloak)
rCorr    .         Harm     .   (no gloves)
MR       .....                  (no boots)
Stlth    ++........             (no amulet)
HPRegen  0.00/turn              (no ring)
MPRegen  0.09/turn              (no ring)

@: very slightly contaminated, rotting
A: rotting body, claws 1, carnivore, cold resistance 1, negative energy
resistance 3, inhibited regeneration, torment resistance, unbreathing
a: no special abilities


You were on level 3 of the Dungeon.
You were very hungry.

You visited 1 branch of the dungeon, and saw 4 of its levels.

You collected 208 gold pieces.

Inventory:

Hand Weapons
 a - a +1 dagger
 l - a cursed -3 dagger (weapon)
Missiles
 o - 16 poisoned needles
Armour
 j - a +0 leather armour (worn)
Jewellery
 m - a +2 ring of dexterity {unknown}
Scrolls
 b - a scroll of amnesia
 e - a scroll of enchant armour
 f - a scroll of blinking
Potions
 g - 5 potions of cancellation
 i - a potion of brilliance
Comestibles
 c - 4 chunks of flesh
 d - 6 rations


   Skills:
 * Level 2.4 Short Blades
 + Level 2.4 Dodging
 + Level 3.9 Stealth
 - Level 1.7 Spellcasting
 + Level 2.9 Hexes


You had one spell level left.
You knew the following spells:

 Your Spells              Type           Power        Failure   Level  Hunger
a - Confuse               Hex            #.......     36%         3    ####...
b - Ensorcelled Hibernat  Hex/Ice        #.....       36%         2    ###....

Your spell library contained the following spells:

 Spells                   Type           Power        Failure   Level  Hunger
 Corona                   Hex            #......      13%         1    ##.....
 Tukima's Dance           Hex            #.......     36%         3    ####...
 Dazzling Spray           Conj/Hex       #.....       58%         3    ####...


Dungeon Overview and Level Annotations

Branches:
Dungeon (4/15)
 Temple: D:4-7

Altars:
Okawaru

Annotations:
D:3 Robin


Innate Abilities, Weirdness & Mutations

Your body is rotting away.
You thrive on raw meat.
You are immune to poison.
You have sharp fingernails.
You are carnivorous and can eat meat at any time.
Your flesh is cold resistant. (rC+)
You are immune to negative energy. (rN+++)
You do not regenerate when monsters are visible.
You are immune to unholy pain and torment.
You can survive without breathing.


Message History

Casting: Ensorcelled Hibernation (safe; 36% risk of failure)
Confirm with . or Enter, or press ? or * to list all spells.
Aiming: Ensorcelled Hibernation (safe; 36% risk of failure)
Press: ? - help, Shift-Dir - straight line, f - orc priest
Aim: an orc priest, wielding a +0 mace (moderately wounded, chance to defeat MR: 35%)
You miscast Ensorcelled Hibernation.
Wisps of condensation drift from your claws.
The orc priest hits you with a +0 mace!
* * * LOW HITPOINT WARNING * * *
You barely miss the orc priest.
The orc priest is moderately wounded.
The orc priest hits you but does no damage.
Okay, then.
Okay, then.
You hit the orc priest but do no damage.
The orc priest is moderately wounded.
You hit the orc priest but do no damage.
The orc priest is moderately wounded.
The orc priest hits you with a +0 mace!
You die...

####################
.(..............@..##
..#.......#####.o...#
..#.......# #.##..#
..#...[...# #.#<..#
..#.......# #.#...#
..#.......# #.#...#
..###'##### #÷#...#
### #.# #.#...# # #.#
#.#...#


You could see an orc priest.

Vanquished Creatures
  2 adders (D:2)
  An ooze (D:1)
  A worm (D:2)
  3 dart slugs (D:1)
  2 leopard geckos (D:3)
  4 orcs
  A ball python (D:2)
  4 giant cockroaches
  9 goblins
  4 hobgoblins
  3 jackals (D:2)
  4 quokkas (D:2)
  3 bats
  3 frilled lizards
  5 kobolds
  8 rats
57 creatures vanquished.

Notes
Turn   | Place    | Note
-------+----------+-------------------------------------------
     0 | D:1      | Borgoz the Ghoul Enchanter began the quest for the Orb.
     0 | D:1      | Reached XP level 1. HP: 14/14 MP: 2/2
    39 | D:1      | Reached skill level 1 in Short Blades
   206 | D:1      | Reached XP level 2. HP: 18/20 MP: 3/3
   505 | D:1      | Reached XP level 3. HP: 26/26 MP: 4/4
  1106 | D:2      | Found an iron altar of Okawaru.
  1111 | D:2      | Learned a level 3 spell: Confuse
  1114 | D:2      | Learned a level 2 spell: Ensorcelled Hibernation
  1195 | D:2      | Reached XP level 4. HP: 13/33 MP: 5/5
  2333 | D:3      | Noticed Robin
  3015 | D:3      | Slain by an orc priest

Skill      XL: |  1  2  3 |
---------------+----------+-----
Short Blades   | 1 2 |  2.4
Dodging        | 2 |  2.4
Stealth        | |  3.9
Spellcasting   | |  1.7
Hexes          | |  2.9

Action                   |  1- 3 |  4- 6 || total
-------------------------+-------+-------++-------
Melee: Dagger            |    88 |   134 ||   222
 Cast: Corona            |     4 |       ||     4
       Ensorcelled Hiber |       |     7 ||     7
       Confuse           |       |     1 ||     1
  Use: Scroll            |     5 |     4 ||     9
       Potion            |       |     2 ||     2
 Stab: Sleeping          |    12 |     9 ||    21
       Distracted        |       |     1 ||     1
       Confused          |       |     1 ||     1
  Eat: Chunk             |     5 |     5 ||    10
Armor: Robe              |    15 |    10 ||    25
       Leather armour    |       |     5 ||     5
Dodge: Dodged            |    45 |    83 ||   128
